 Dungeon Crawl Stone Soup version 0.28-a0-983-g1de4e0787c (webtiles) character file.

Game seed: 14392703740904906993

3416 snetch the Cleaver (level 9, -13/118 HPs)
             Began as a Minotaur Berserker on Dec 1, 2021.
             Was a Priest of Trog.
             Engulfed by an ice statue's freezing vapour (16 damage)
             ... on level 8 of the Dungeon on Dec 2, 2021.
             The game lasted 00:19:00 (6903 turns).

snetch the Cleaver (Minotaur Berserker)             Turns: 6903, Time: 00:19:01

Health: -13/118    AC: 17    Str: 26    XL:     9   Next: 76%
Magic:  8/8        EV:  5    Int: 10    God:    Trog [***...]
Gold:   328        SH:  6    Dex: 10    Spells: 8/8 levels left

rFire   . . .      SeeInvis +   a - +0 hand axe
rCold   . . .      Faith    .   G - +0 kite shield
rNeg    . . .      Spirit   .   M - +0 plate armour
rPois   .          Reflect  .   (helmet restricted)
rElec   .          Harm     .   (no cloak)
rCorr   .          Rampage  .   u - +2 pair of gloves
Will    .....                   (no boots)
Stlth   ..........              K - amulet "Mouf" {Fly Regen+}
HPRegen 1.09/turn               p - +6 ring of intelligence
MPRegen 0.11/turn               I - ring of see invisible

@: berserking (expiring), flying, very quick
A: horns 2, retaliatory headbutt
a: Renounce Religion, Berserk, Trog's Hand


You were on level 8 of the Dungeon.
You worshipped Trog.
Trog was most pleased with you.
You visited 2 branches of the dungeon, and saw 10 of its levels.

You collected 328 gold pieces.

Inventory:

Hand Weapons
 a - a +0 hand axe (weapon)
 H - a +0 halberd
 O - a +3 vorpal shortbow
Missiles
 c - 199 stones
 e - 4 javelins
 f - 3 atropa-tipped darts
 m - 75 arrows
 o - 30 poisoned darts (quivered)
 v - 23 bolts
 x - 85 sling bullets
 L - 6 curare-tipped darts
Armour
 u - a +2 pair of gloves (worn)
 F - +0 steam dragon scales
 G - a +0 kite shield (worn)
 M - a +0 plate armour (worn)
Jewellery
 p - a +6 ring of intelligence (left hand)
 I - a ring of see invisible (right hand)
 K - the amulet "Mouf" (around neck) {Fly Regen+}
   (You found it on level 6 of the Dungeon)

   [amulet of regeneration]

   Fly:       It grants you flight.
   Regen:     It increases your rate of health regeneration.
Wands
 n - a wand of flame (10)
 z - a wand of mindburst (13)
 P - a wand of charming (8)
Scrolls
 k - a scroll of enchant weapon {unknown}
 q - 2 scrolls of immolation {unknown}
 s - 3 scrolls of teleportation {unknown}
 w - a scroll of amnesia {unknown}
 y - 6 scrolls of identify {unknown}
 C - 2 scrolls of magic mapping {unknown}
 J - a scroll of summoning {unknown}
 N - a scroll of silence {unknown}
Potions
 b - a potion of curing {unknown}
 d - 3 potions of mutation {unknown}
 g - a potion of heal wounds
 h - a potion of haste {unknown}
 i - a potion of ambrosia {unknown}
 l - 4 potions of brilliance {unknown}
 t - 2 potions of degeneration {unknown}
 D - 2 potions of flight {unknown}


   Skills:
 + Level 7.4 Fighting
 + Level 11.6 Axes
 + Level 3.7 Throwing
 + Level 9.1 Armour
 + Level 3.7 Dodging
 + Level 0.8 Stealth
 + Level 0.1 Shields


You had 8 spell levels left.
You didn't know any spells.
Your spell library contained the following spells:

 Spells                   Type           Power      Damage    Failure   Level
 Apportation              Tloc           0%         N/A       100%        1
 Ensorcelled Hibernation  Hex/Ice        0%         N/A       100%        2
 Conjure Flame            Conj/Fire      0%         6-21      100%        3
 Gell's Gravitas          Tloc           0%         N/A       100%        3
 Ignite Poison            Fire/Tmut/Pois 0%         N/A       100%        3
 Teleport Other           Tloc           0%         N/A       100%        3
 Tukima's Dance           Hex            0%         N/A       100%        3
 Sticky Flame             Conj/Fire      0%         2d3       100%        4
 Alistair's Intoxication  Tmut/Pois      0%         N/A       100%        5
 Freezing Cloud           Conj/Ice/Air   0%         6-21      100%        5
 Dispersal                Tloc           0%         N/A       100%        6
 Simulacrum               Ice/Necr       0%         N/A       100%        6
 Polar Vortex             Ice            0%         N/A       100%        9


Dungeon Overview and Level Annotations

Branches:
Dungeon (9/15)             Temple (1/1) D:6
   Lair: D:8-11         Orc: D:9-12

Altars:
Ashenzari
Cheibriados
Elyvilon
Fedhas
Gozag
Hepliaklqana
Makhleb
Okawaru
Ru
Sif Muna
Trog
Uskayaw
Wu Jian
Xom
Yredelemnul
Zin
The Shining One

Annotations:
D:8 exclusion: ice statue


Innate Abilities, Weirdness & Mutations

You have a pair of horns on your head.
You reflexively headbutt those who attack you in melee.


Message History

The ice statue is moderately damaged.
You closely miss the ice beast. You hit the ice beast but do no damage.
The ice beast hits you but does no damage.
You block the ice beast's attack.
You hit the ice statue but do no damage.
The ice statue is moderately damaged.
You completely miss the ice beast. You closely miss the ice beast.
The ice beast hits you but does no damage.
You block the ice beast's attack.
You hit the ice statue but do no damage.
You headbutt the ice statue, but do no damage.
The ice statue is moderately damaged.
You hit the ice beast. You barely miss the ice beast.
Unknown command.
You hit the ice statue but do no damage.
The ice statue is moderately damaged.
You barely miss the ice beast. You hit the ice beast.
You block the ice beast's attack.
The ice beast hits you but does no damage.
You hit the ice statue but do no damage.
The ice statue is moderately damaged.
You barely miss the ice beast. You hit the ice beast. You slash the ice statue!
You headbutt the ice statue!
The ice statue is severely damaged.
You slash the ice beast! x2
The ice statue gestures at you. The freezing blast engulfs you!
* * * LOW HITPOINT WARNING * * *
The ice beast hits you but does no damage.
The ice beast hits you.
* * * LOW HITPOINT WARNING * * *
The ice beast freezes you!
* * * LOW HITPOINT WARNING * * *
You slash the ice statue!
The ice statue is almost destroyed.
You slash the ice beast!
You kill the ice beast!
The ice beast disappears in a puff of smoke!
You slash the ice beast!
You are engulfed in freezing vapours.
You die...

..## #....#
##≈≈≈# +##
#....#
#≈≈≈# .#
#....#
##≈≈≈# .#
#....#
#≈≈≈## .##
##....#
##≈≈≈#
..###.....#
###≈≈≈##
..........#
##≈≈≈≈≈#
..####....#
##≈○○○☼##
.#........#
#≈≈☼@Y##
...###....#
#||○#8#
#### #....#
#|☼#### #
#....# #=[
. .##### ##
##


You could see an ice statue and an ice beast (summoned).

Vanquished Creatures
  Joseph (D:7)
  Maggie (D:5)
  Grinder (D:5)
  Eustachio (D:6)
  Menkaure (D:5)
  2 black bears
  3 sky beasts
  An orc warrior (D:7)
  2 centaurs
  4 ogres
  A phantom (D:7)
  A kobold brigand (D:9)
  2 bullfrogs
  3 gnoll sergeants
  4 scorpions
  An electric eel (D:8)
  3 hounds
  Ijyb (D:4)
  Jessica (D:2)
  An iguana (D:6)
  4 orc wizards
  A scorpion zombie (D:3)
  A killer bee zombie (D:7)
  A howler monkey skeleton (D:4)
  5 adders
  10 gnolls
  A shadow imp (D:6)
  An ufetubus (D:7)
  An adder zombie (D:5)
  An adder skeleton (D:5)
  4 dart slugs
  6 orcs
  9 ball pythons
  10 bats
  9 endoplasms
  4 giant cockroaches
  7 goblins
  3 hobgoblins
  3 jackals (D:4)
  2 quokkas (D:1)
  A frilled lizard (D:2)
  20 kobolds
  A rat (D:1)
140 creatures vanquished.

Notes
Turn   | Place    | Note
-------+----------+-------------------------------------------
     0 | D:1      | snetch the Minotaur Berserker began the quest for the Orb.
     0 | D:1      | Reached XP level 1. HP: 19/19 MP: 0/0
    47 | D:1      | Reached skill level 4 in Axes
    47 | D:1      | Reached XP level 2. HP: 13/27 MP: 1/1
   415 | D:1      | Reached ** piety under Trog
   416 | D:1      | Reached XP level 3. HP: 20/33 MP: 2/2
  1246 | D:2      | Noticed Jessica
  1251 | D:2      | Killed Jessica
  1252 | D:2      | Reached XP level 4. HP: 39/41 MP: 3/3
  1381 | D:2      | Found a faded altar of an unknown god.
  1588 | D:2      | Found a bloodstained altar of Trog.
  1600 | D:3      | Noticed a scorpion
  1605 | D:3      | Killed a scorpion
  1606 | D:3      | Reached skill level 5 in Axes
  1606 | D:3      | Reached XP level 5. HP: 47/47 MP: 4/4
  2623 | D:4      | Noticed an ogre
  2627 | D:4      | Killed an ogre
  2628 | D:4      | Reached skill level 6 in Axes
  2628 | D:4      | Reached XP level 6. HP: 55/55 MP: 5/5
  2816 | D:5      | Entered Level 5 of the Dungeon
  3265 | D:4      | Reached skill level 5 in Fighting
  3305 | D:4      | Noticed Ijyb
  3320 | D:4      | Killed Ijyb
  3606 | D:5      | Upgraded the game from 0.28-a0-973-ga7f8b01127 to
                  | 0.28-a0-983-g1de4e0787c
  3621 | D:5      | Reached skill level 5 in Armour
  3625 | D:5      | Reached XP level 7. HP: 56/61 MP: 6/6
  3678 | D:6      | Reached skill level 7 in Axes
  3784 | D:5      | Noticed Grinder
  3801 | D:5      | Killed Grinder
  3827 | D:5      | Reached skill level 8 in Axes
  3918 | D:5      | Found a shimmering blue altar of Sif Muna.
  3941 | D:5      | Noticed Menkaure
  3948 | D:5      | Killed Menkaure
  3949 | D:5      | Reached skill level 1 in Throwing
  3949 | D:5      | Reached XP level 8. HP: 32/70 MP: 7/7
  4310 | D:5      | Reached *** piety under Trog
  4433 | D:6      | Noticed Maggie
  4437 | D:6      | Reached skill level 9 in Axes
  4627 | D:5      | Killed Maggie
  4814 | D:6      | Reached skill level 10 in Axes
  5127 | D:6      | Found a staircase to the Ecumenical Temple.
  5132 | D:6      | Noticed Eustachio
  5158 | D:6      | Killed Eustachio
  5159 | D:6      | Reached XP level 9. HP: 52/78 MP: 8/8
  5279 | D:6      | Identified the amulet "Mouf" {Fly Regen+}
  5304 | Temple   | Entered the Ecumenical Temple
  5736 | D:6      | Found an ornate altar of the Wu Jian Council.
  6065 | D:7      | Reached skill level 11 in Axes
  6124 | D:7      | Noticed Joseph
  6160 | D:7      | Killed Joseph
  6290 | D:7      | You are sucked into a shaft and drop 2 floors!
  6409 | D:7      | Found an iron altar of Okawaru.
  6549 | D:7      | Found a hide-covered altar of Uskayaw.
  6670 | D:7      | Found a bloodstained altar of Trog.
  6880 | D:8      | Noticed an ice statue
  6902 | D:8      | HP: 3/118 [ice beast[an ice statue] (9)]
  6903 | D:8      | Engulfed by an ice statue's freezing vapour

Illustrated notes

Levels and vault maps discovered:
D:1:      dpeg_arrival_water_temple_mockup, layout_basic
D:2:      layout_basic, basic_altar, chequers_ecumenical_altar_simple,
          uniq_jessica
D:3:      layout_basic, grunt_decor_arrowhead
D:4:      layout_basic, uniq_ijyb
D:5:      layout_basic, mainiacjoe_overflow_alcove_2, uniq_grinder,
          uniq_menkaure
D:6:      layout_cave_pools, lemuel_doored_altar,
          minmay_temple_entry_large_hall, nicolae_lava_and_water,
          uniq_eustachio, uniq_maggie
D:7:      layout_rooms, marbit_many_paths, mainiacjoe_overflow_six_doors_small,
          mainiacjoe_overflow_small_starburst, uniq_joseph
D:8:      statuecave_lemuel, layout_loops_corners, minmay_diced_spiral
D:9:      layout_roguey [special_room_bee], lemuel_zombie_altar_kikubaaqudgha,
          serial_shops, shop_statue, nicolae_shop_bloodbath_and_beyond,
          nicolae_shop_statue_plus, grunt_decor_mini_mirrors
Temple:   hc_temple_tempest_star

Skill      XL: |  1  2  3  4  5  6  7  8  9 |
---------------+----------------------------+-----
Axes           | 4 5 6 8 10 11 | 11.6
Fighting       | 4 5 6 7 |  7.4
Armour         | 3 4 5 6 8 9 |  9.1
Dodging        | 3 |  3.7
Throwing       | 1 3 |  3.7
Stealth        | |  0.8
Shields        | |  0.1

Action                   |  1- 3 |  4- 6 |  7- 9 || total
-------------------------+-------+-------+-------++-------
Melee: Hand axe          |    64 |   114 |   220 ||   398
       Headbutt          |     8 |    20 |    62 ||    90
Throw: Stone             |       |    10 |     2 ||    12
       Dart              |       |       |    31 ||    31
Invok: Berserk           |       |     2 |     6 ||     8
       Trog's Hand       |       |     1 |     3 ||     4
Armor: Animal skin       |     5 |       |       ||     5
       Scale mail        |    27 |    30 |       ||    57
       Chain mail        |       |    27 |   107 ||   134
       Plate armour      |       |       |    23 ||    23
Dodge: Dodged            |    40 |    47 |   110 ||   197
Block: Kite shield       |       |       |    17 ||    17

Table legend: (Time is in decaauts)
 A = Elapsed time spent in this place.
 B = Non-inter-level travel time spent in this place.
 C = Inter-level travel time spent in this place.
 D = Time resting spent in this place.
 E = Time spent auto-exploring this place.
 F = Levels seen in this place.
 G = Mean time per level.
                   A        B        C        D        E       F      G
               +--------+--------+--------+--------+--------+-----+--------+
         Total |   6960 |   6704 |    256 |    490 |   4354 |  10 |  696.0 |
       Dungeon |   6627 |   6403 |    224 |    490 |   4069 |   9 |  736.3 |
        Temple |    333 |    301 |     32 |      0 |    285 |   1 |  333.0 |
               +--------+--------+--------+--------+--------+-----+--------+

Top non-repeatable levels by time:
     D:5: 1262 daAuts
     D:4: 1129 daAuts
     D:1: 1084 daAuts
     D:6: 902 daAuts
     D:2: 762 daAuts
     D:7: 675 daAuts
     D:3: 637 daAuts
  Temple: 333 daAuts
     D:8: 119 daAuts
     D:9: 55 daAuts
